 Dungeon Crawl Stone Soup version 0.26-a0-651-gb41185065b (webtiles) character file.

Game seed: 4159436161789109012

169 Flugslaktarn the Skirmisher (level 5, -6/42 HPs)
             Began as a Merfolk Fighter on Oct 28, 2020.
             Killed by divine providence
             ... invoked by an orc priest
              (10 damage)
             ... on level 4 of the Dungeon.
             The game lasted 00:01:23 (3945 turns).

Flugslaktarn the Skirmisher (Merfolk Fighter)       Turns: 3945, Time: 00:01:23

Health: -6/42      AC:  6    Str: 16    XL:     5   Next: 50%
Magic:  5/5        EV:  8    Int:  8    God:
Gold:   204        SH:  9    Dex: 16    Spells: 4/4 levels left

rFire    . . .     SeeInvis .   r - +2 war axe (elec)
rCold    . . .     Faith    .   c - +0 kite shield
rNeg     . . .     Spirit   .   b - +0 scale mail
rPois    .         Reflect  .   (helmet restricted)
rElec    .         Harm     .   (no cloak)
rCorr    .         Rampage  .   (no gloves)
MR       .....     Clarity  +   (no boots)
Stlth    ..........             (no amulet)
HPRegen  0.14/turn              (no ring)
MPRegen  0.09/turn              (no ring)

@: no status effects
A: change form in water, swift swim, stealthy swim, beak, agile 1, clarity,
screaming 1
a: no special abilities


You were on level 4 of the Dungeon.
You visited 1 branch of the dungeon, and saw 4 of its levels.

You collected 204 gold pieces.

Inventory:

Hand Weapons
 a - a +0 war axe
 r - a +2 war axe of electrocution (weapon)
   (You took it off an orc on level 3 of the Dungeon)
Armour
 b - a +0 scale mail (worn)
 c - a +0 kite shield (worn)
Jewellery
 t - an uncursed amulet of the acrobat {unknown}
   (You found it on level 4 of the Dungeon)
 u - a +6 ring of intelligence {unknown}
   (You found it on level 4 of the Dungeon)
Scrolls
 e - 3 scrolls of teleportation {unknown}
 f - 6 scrolls of identify {unknown}
 h - 3 scrolls of blinking {unknown}
 j - 4 scrolls of enchant weapon {unknown}
 n - 3 scrolls of remove curse {unknown}
 o - a scroll of amnesia {unknown}
 q - a scroll of fear {unknown}
 s - a scroll of noise {unknown}
Potions
 d - 2 potions of might
 g - a potion of mutation
 i - a potion of stabbing {unknown}
 k - 2 potions of ambrosia {unknown}
 l - 2 potions of brilliance {unknown}
 m - 6 potions of curing {unknown}
 p - a potion of heal wounds {unknown}
 v - a potion of degeneration {unknown}


   Skills:
 + Level 4.1 Fighting
 * Level 3.1 Axes
 - Level 2.1 Armour
 + Level 2.7 Dodging
 + Level 3.7 Shields


You had 4 spell levels left.
You didn't know any spells.
Your spell library was empty.

Dungeon Overview and Level Annotations

Branches:
Dungeon (4/15)
 Temple: D:4-7

Altars:
Sif Muna
Trog


Innate Abilities, Weirdness & Mutations

You revert to your normal form in water.
You are very nimble and swift while swimming.
You are very stealthy in the water. (Stealth+)
You have a beak for a mouth.
You are agile. (Dex +2)
You possess an exceptional clarity of mind.
You occasionally shout uncontrollably at your foes.


Message History

You are too injured to fight recklessly!
You are too injured to fight recklessly!
You are too injured to fight recklessly!
Unknown command.
It was a potion of mutation.
You feel extremely strange.
Your mouth lengthens and hardens into a beak!
You feel the urge to shout.
Your thoughts seem clearer.
You feel agile.
The orc priest suddenly complains.
You block the orc priest's attack.
The orc priest hits you but does no damage.
You block the orc wizard's attack.
Unknown command.
Your shield prevents you from hitting the orc priest.
Your peck misses the orc priest.
The orc priest is lightly wounded.
Your scale mail prevents you from hitting the orc wizard.
You hit the orc priest but do no damage.
The orc priest invokes the aid of Beogh against you.
Beogh smites you!
You die...

.##. #.##. #....
########## #..#.
#........# ##..#.
####o######.####...#.
#...@o...##..........
#.##o###.#######...##
# #.# ##..# #.# #..##
#.. #.... ### ##'###
##...## ##.....#
##.......


You could see 2 orc priests and an orc wizard.

Vanquished Creatures
  A worker ant (D:3)
  5 gnolls
  3 adders
  A white imp (D:3)
  An ooze (D:2)
  An adder skeleton (D:4)
  2 dart slugs
  4 leopard geckos
  3 orcs (D:3)
  2 giant cockroaches
  4 goblins
  6 hobgoblins
  7 kobolds
  A quokka (D:3)
  2 ball pythons
  3 bats
  4 frilled lizards
  4 rats
54 creatures vanquished.

Notes
Turn   | Place    | Note
-------+----------+-------------------------------------------
     0 | D:1      | Flugslaktarn the Merfolk Fighter began the quest for the
                  | Orb.
     0 | D:1      | Reached XP level 1. HP: 18/18 MP: 1/1
   253 | D:1      | Reached XP level 2. HP: 22/24 MP: 2/2
   260 | D:1      | Reached skill level 1 in Dodging
   420 | D:1      | Reached XP level 3. HP: 26/29 MP: 3/3
  1148 | D:2      | Reached XP level 4. HP: 15/37 MP: 4/4
  1833 | D:2      | Found a shimmering blue altar of Sif Muna.
  2271 | D:3      | Reached skill level 4 in Fighting
  2271 | D:3      | Reached XP level 5. HP: 27/42 MP: 5/5
  2962 | D:3      | Found a bloodstained altar of Trog.
  3944 | D:4      | Gained mutation: You have a beak for a mouth. [potion of
                  | mutation]
  3944 | D:4      | Gained mutation: You occasionally shout uncontrollably at
                  | your foes. [potion of mutation]
  3944 | D:4      | Gained mutation: You possess an exceptional clarity of
                  | mind. [potion of mutation]
  3944 | D:4      | Gained mutation: You are agile. (Dex +2) [potion of
                  | mutation]
  3945 | D:4      | Killed from afar by an orc priest

Illustrated notes

Levels and vault maps discovered:
D:1:      onia_arrival_mini_maze_b, layout_loops_ring, minmay_statues_item
D:2:      layout_rooms, lemuel_blue_sif_altar
D:3:      layout_loops_corners, trog_butcher_becter
D:4:      layout_loops_corners, palyth_stone_intersect, serial_bayou_pond_d,
          minmay_curled_crystal

Skill      XL: |  1  2  3  4  5 |
---------------+----------------+-----
Axes           | 2 3 |  3.1
Dodging        | 1 2 |  2.7
Fighting       | 4 |  4.1
Armour         | |  2.1
Shields        | |  3.7

Action                   |  1- 3 |  4- 6 || total
-------------------------+-------+-------++-------
Melee: War axe           |    87 |    96 ||   183
  Use: Potion            |       |     1 ||     1
Armor: Scale mail        |    40 |    29 ||    69
Dodge: Dodged            |    29 |    44 ||    73
Block: Kite shield       |    41 |    44 ||    85

Table legend: (Time is in decaauts)
 A = Elapsed time spent in this place.
 B = Non-inter-level travel time spent in this place.
 C = Inter-level travel time spent in this place.
 D = Time resting spent in this place.
 E = Time spent auto-exploring this place.
 F = Levels seen in this place.
 G = Mean time per level.
                   A        B        C        D        E       F      G
               +--------+--------+--------+--------+--------+-----+--------+
         Total |   4027 |   3914 |    113 |    795 |   2621 |   4 | 1006.8 |
       Dungeon |   4027 |   3914 |    113 |    795 |   2621 |   4 | 1006.8 |
               +--------+--------+--------+--------+--------+-----+--------+

Top non-repeatable levels by time:
     D:2: 1278 daAuts
     D:1: 1166 daAuts
     D:3: 1101 daAuts
     D:4: 481 daAuts
